 Dungeon Crawl Stone Soup version 0.25.0-15-gac7dcb8919 (webtiles) character file.

Game seed: 6893732472060230317

5747 sking99 the Spear-Bearer (level 10, -2/72 HPs)
             Began as a Demonspawn Monk on June 28, 2020.
             Was an Elder of Hepliaklqana.
             Killed by refrigeration
             ... invoked by Fannar
              (25 damage)
             ... on level 10 of the Dungeon.
             The game lasted 00:24:13 (8692 turns).

sking99 the Spear-Bearer (Demonspawn Monk)          Turns: 8692, Time: 00:24:13

Health: -2/72      AC: 20    Str: 15    XL:     10   Next: 49%
Magic:  10/10      EV: 10    Int: 11    God:    Hepliaklqana [****..]
Gold:   474        SH:  0    Dex: 16    Spells: 9/9 levels left

rFire    . . .     SeeInvis +   w - +3 halberd (drain)
rCold    . . .     Gourm    .   (shield currently unavailable)
rNeg     . . .     Faith    .   y - +0 plate armour
rPois    .         Spirit   .   L - +1 helmet
rElec    .         Reflect  .   C - +0 cloak
rCorr    +         Harm     .   n - +2 pair of gloves
MR       .....                  j - +0 pair of boots
Stlth    ..........             i - amulet of magic regeneration
HPRegen  0.22/turn              B - ring of resist corrosion
MPRegen  0.37/turn              m - ring of see invisible

@: lightly drained
A: reduced essence, demonic guardian 1, sturdy frame 2
a: Recall Ancestor, Ancestor Identity, Transference, Idealise, Renounce Religion


You were on level 10 of the Dungeon.
You worshipped Hepliaklqana.
Hepliaklqana was greatly pleased with you.
You were hungry.

You visited 1 branch of the dungeon, and saw 10 of its levels.

You collected 571 gold pieces.
You spent 97 gold pieces at shops.

Inventory:

Hand Weapons
 w - a +3 halberd of draining (weapon)
Armour
 j - a +0 pair of boots (worn)
 n - a +2 pair of gloves (worn)
 y - a +0 plate armour (worn)
 C - a +0 cloak (worn)
 L - a +1 helmet (worn)
Jewellery
 i - an amulet of magic regeneration (around neck)
 m - a ring of see invisible (right hand)
 B - a ring of resist corrosion (left hand)
Wands
 e - a wand of flame (38)
 r - a wand of clouds (7)
 x - a wand of disintegration (19)
 K - a wand of enslavement (9)
Scrolls
 a - 2 scrolls of fear
 b - 3 scrolls of amnesia
 d - a scroll of fog {unknown}
 g - 4 scrolls of magic mapping
 h - a scroll of remove curse
 o - 2 scrolls of immolation
 s - 2 scrolls of enchant armour
 u - a scroll of blinking
 z - a scroll of noise {unknown}
 H - a scroll of teleportation {unknown}
Potions
 k - 2 potions of lignification
 l - 4 potions of stabbing
 q - a potion of flight {unknown}
 v - 3 potions of curing
 A - a potion of haste {unknown}
 D - a potion of berserk rage {unknown}
 E - 2 potions of cancellation
 F - 2 potions of degeneration
 G - a potion of ambrosia {unknown}
 J - a potion of brilliance {unknown}
Comestibles
 c - 23 rations


   Skills:
 + Level 8.2(8.1) Fighting
 * Level 10.2(10.1) Polearms
 + Level 5.4(5.3) Armour
 + Level 6.3(6.2) Dodging
 - Level 1.7(1.6) Stealth


You had 9 spell levels left.
You didn't know any spells.
Your spell library contained the following spells:

 Spells                   Type           Power        Failure   Level  Hunger
 Summon Small Mammal      Summ           #...         99%         1    ##.....
 Call Imp                 Summ           #.......     99%         2    ###....
 Poisonous Vapours        Pois/Air       #.....       99%         2    ###....
 Call Canine Familiar     Summ           #.......     100%        3    ####...
 Confusing Touch          Hex            #.......     100%        3    ####...
 Conjure Flame            Conj/Fire      #.......     100%        3    ####...
 Gell's Gravitas          Tloc           #.........   100%        3    ####...
 Mephitic Cloud           Conj/Pois/Air  #.......     100%        3    ####...
 Summon Guardian Golem    Hex/Summ       #.......     100%        3    ####...
 Petrify                  Tmut/Erth      #.......     100%        4    #####..
 Summon Ice Beast         Ice/Summ       #.......     100%        4    #####..
 Summon Lightning Spire   Summ/Air       #.......     100%        4    #####..
 Metabolic Englaciation   Hex/Ice        #.........   100%        5    ######.
 Yara's Violent Unravell  Hex/Tmut       #.........   100%        5    ######.
 Freezing Cloud           Conj/Ice/Air   #.........   100%        6    #######
 Ring of Flames           Chrm/Fire      #.........   100%        7    #######


Dungeon Overview and Level Annotations

Branches:
Dungeon (10/15)            Temple (0/1) D:5
   Lair: D:8-11         Orc: D:9-12

Altars:
Cheibriados
Dithmenos
Hepliaklqana
Ru
Sif Muna
Uskayaw
Wu Jian
Yredelemnul
Zin
The Shining One
Beogh

Shops:
D:6 ?   D:9 !

Annotations:
D:10 Fannar


Innate Abilities, Weirdness & Mutations

A weak demonic guardian rushes to your aid.
Your movements are less encumbered by armour. (ER -4)
Your life essence is reduced to manifest your ancestor. (-10% HP)


Message History

Your white imp hits Fannar but does no damage.
You hit the ice beast but do no damage.
The ice beast is heavily wounded.
The ice beast hits you but does no damage.
Jaydra closely misses Fannar.
Unknown command.
You slash the ice beast!
You kill the ice beast!
Your white imp gestures at Fannar.
The puff of frost misses Fannar.
Jaydra hits Fannar but does no damage.
Jaydra drains Fannar.
Fannar closely misses Jaydra.
Your white imp closely misses Fannar.
Jaydra gestures at Fannar while chanting.
Fannar resists with almost no effort.
Your white imp hits Fannar but does no damage.
Jaydra hits Fannar with a +0 dagger of draining.
Fannar mumbles some strange words.
Fannar drains the heat from the surrounding environment!
You feel very cold.
You die...

#.......# #.......#
#.......###+###
#..............
##..............
.......5e.......
........R.......
#.........#####
#.......@.#
#........5#
#.........# ..
#.#######.#++####..#
# #..........#
#..........#
#..........#
#...........
#####...........


You could see the friendly Jaydra the hexer, Fannar (icy armour, slow, drained),
a friendly quasit (summoned) and a friendly white imp (summoned).

Vanquished Creatures
  Psyche (D:8)
  Maggie (D:6)
  A hippogriff (D:9)
  A wyvern (D:8)
  Grum (D:8)
  A sky beast (D:8)
  An eye of draining (D:9)
  5 phantoms
  4 orc warriors
  4 ogres
  3 wolves (D:8)
  A centaur (D:8)
  A big kobold (D:10)
  4 bullfrogs
  A scorpion (D:4)
  2 killer bees (D:9)
  7 wights
  A bullfrog zombie (D:9)
  2 howler monkeys
  4 crimson imps
  4 centaur zombies
  A quasit (D:9)
  3 jellies
  2 hounds
  A centaur skeleton (D:4)
  3 orc priests
  2 orc wizards
  9 worker ants
  A hound skeleton (D:4)
  2 worker ant zombies
  6 gnolls
  10 adders
  3 adder skeletons
  A worm (D:2)
  2 dart slugs
  3 leopard geckos
  43 orcs
  8 giant cockroaches
  3 hobgoblins
  5 jackals
  4 quokkas
  A ball python (D:4)
  2 bats (D:2)
  2 frilled lizards
  4 goblins
  6 kobolds
  A leopard gecko zombie (D:7)
  2 rats
180 creatures vanquished.

Vanquished Creatures (collateral kills)
  Grinder (D:6)
  A hungry ghost (D:8)
  An orc warrior (D:8)
  A sky beast (D:9)
  A black bear (D:6)
  2 ogres
  A phantom (D:4)
  A big kobold (D:8)
  A bullfrog (D:8)
  A scorpion (D:7)
  A killer bee (D:9)
  A wight (D:9)
  2 jellies
  An orc priest (D:7)
  An iguana (D:8)
  2 orc wizards
  3 worker ants
  2 adders
  A shadow imp (D:6)
  An adder skeleton (D:6)
  An adder zombie (D:9)
  8 orcs
  4 jackals
  A quokka (D:7)
  2 frilled lizards
42 creatures vanquished.

Vanquished Creatures (others)
  3 hexers
3 creatures vanquished.

Grand Total: 225 creatures vanquished

Notes
Turn   | Place    | Note
-------+----------+-------------------------------------------
     0 | D:1      | sking99 the Demonspawn Monk began the quest for the Orb.
     0 | D:1      | Reached XP level 1. HP: 18/18 MP: 1/1
   730 | D:2      | Found a shimmering blue altar of Sif Muna.
   820 | D:2      | Reached skill level 3 in Polearms
   820 | D:2      | Gained mutation: Your movements are slightly less
                  | encumbered by armour. (ER -2) [demonic ancestry]
   820 | D:2      | Reached XP level 2. HP: 12/24 MP: 2/2
  1447 | D:2      | Gained mutation: A weak demonic guardian rushes to your
                  | aid. [demonic ancestry]
  1447 | D:2      | Reached XP level 3. HP: 26/29 MP: 3/3
  1576 | D:2      | Found a glowing golden altar of the Shining One.
  2051 | D:3      | Reached skill level 4 in Polearms
  2051 | D:3      | Gained mutation: Your movements are less encumbered by
                  | armour. (ER -4) [demonic ancestry]
  2051 | D:3      | Reached XP level 4. HP: 32/37 MP: 4/4
  2160 | D:3      | Found a hazy altar of Hepliaklqana.
  2653 | D:4      | Noticed a phantom
  2680 | D:4      | Killed a phantom
  2680 | D:4      | Reached XP level 5. HP: 42/42 MP: 5/5
  2800 | D:4      | Noticed a phantom
  2811 | D:4      | Killed a phantom
  2811 | D:4      | Reached skill level 5 in Polearms
  2824 | D:4      | Found a basalt altar of Yredelemnul.
  2993 | D:4      | Found an ornate altar of the Wu Jian Council.
  2997 | D:4      | Reached XP level 6. HP: 49/49 MP: 6/6
  3248 | D:4      | Reached skill level 5 in Fighting
  3393 | D:4      | Reached skill level 6 in Polearms
  3393 | D:4      | Reached XP level 7. HP: 45/56 MP: 7/7
  3698 | D:3      | Became a worshipper of Hepliaklqana the Forgotten
  3698 | D:3      | Reached * piety under Hepliaklqana
  3698 | D:3      | Reached ** piety under Hepliaklqana
  3701 | D:3      | Remembered your ancestor Jaydra as a hexer
  3714 | D:5      | Entered Level 5 of the Dungeon
  3772 | D:5      | Found a staircase to the Ecumenical Temple.
  4841 | D:5      | Found a snail-covered altar of Cheibriados.
  4867 | D:6      | Found a hazy altar of Hepliaklqana.
  4872 | D:6      | Reached skill level 1 in Armour
  5151 | D:6      | Reached skill level 7 in Polearms
  5151 | D:6      | Reached XP level 8. HP: 40/57 MP: 8/8
  5331 | D:6      | Found a glowing silver altar of Zin.
  5367 | D:6      | Noticed Grinder
  5383 | D:6      | Killed Grinder
  5414 | D:6      | Found Laomokh's Magic Scroll Shop.
  5422 | D:6      | Bought a scroll of blinking for 97 gold pieces
  5561 | D:6      | Noticed Maggie
  5563 | D:6      | Found a sacrificial altar of Ru.
  5574 | D:6      | Killed Maggie
  5633 | D:6      | Reached skill level 8 in Polearms
  5951 | D:7      | Reached *** piety under Hepliaklqana
  6147 | D:7      | Reached XP level 9. HP: 63/63 MP: 9/9
  6517 | D:8      | Noticed Grum
  6531 | D:8      | Killed Grum
  6531 | D:8      | Reached skill level 5 in Dodging
  6721 | D:8      | Noticed a +0 hand axe
  6724 | D:8      | Noticed a +0 dagger
  6779 | D:8      | Found a hide-covered altar of Uskayaw.
  6790 | D:8      | Noticed Psyche
  6793 | D:8      | Killed Psyche
  6793 | D:8      | Reached skill level 9 in Polearms
  7098 | D:8      | Found a roughly hewn altar of Beogh.
  7269 | D:8      | Found an ornate altar of the Wu Jian Council.
  7274 | D:8      | Reached XP level 10. HP: 62/72 MP: 10/10
  7773 | D:9      | Reached skill level 5 in Armour
  8204 | D:9      | Reached skill level 10 in Polearms
  8338 | D:9      | Found Izonihau's Distillery.
  8500 | D:9      | Found a shadowy altar of Dithmenos.
  8609 | D:10     | Entered Level 10 of the Dungeon
  8636 | D:10     | Reached **** piety under Hepliaklqana
  8671 | D:10     | Noticed Fannar
  8677 | D:10     | HP: 2/72 [Fannar/refrigeration (26)]
  8692 | D:10     | Killed from afar by Fannar

Illustrated notes

Levels and vault maps discovered:
D:1:      saegor_arrival_miasma, layout_loops_ring
D:2:      layout_loops_cross, nicolae_overflow_crystal_walls,
          nicolae_overflow_hidden_temple, first_ration
D:3:      layout_loops_ring, lemuel_crystal_altar
D:4:      layout_rooms, lemuel_crystal_altar, lemuel_coloured_pillars_altar,
          hangedman_decor_opposing
D:5:      layout_basic, kennysheep_slug_shrine,
          minmay_temple_entry_gardened_gates
D:6:      layout_rooms, hangedman_ru_absence, old_standard_altar, serial_shops,
          nicolae_shop_crystal, basic_altar, uniq_maggie, uniq_grinder
D:7:      layout_loops_cross
D:8:      layout_rooms, dancing_weapons_uskayaw, basic_altar, special_room
          [special_room_orc], interstate_on_off, blue_anna_alchemist
          [blue_anna_fruit_fields, blue_anna_fruit_fields], uniq_grum,
          uniq_psyche
D:9:      layout_gridville, marbit_many_paths, serial_shops, kennysheep_mini
D:10:     layout_irregular_city, uniq_erolcha, uniq_harold, uniq_fannar,
          uniq_sonja

Skill      XL: |  1  2  3  4  5  6  7  8  9 10 |
---------------+-------------------------------+-----
Polearms       | 3 4 5 6 7 8 9 10 | 10.2
Fighting       | 4 5 6 7 8 |  8.2
Dodging        | 3 4 5 6 |  6.3
Armour         | 1 3 4 5 |  5.4
Stealth        | |  1.7

Action                   |  1- 3 |  4- 6 |  7- 9 | 10-12 || total
-------------------------+-------+-------+-------+-------++-------
Melee: Spear             |   116 |       |       |       ||   116
       Trident           |     6 |   111 |   164 |       ||   281
       Halberd           |       |       |   201 |   167 ||   368
Invok: Ancestor Identity |       |       |     2 |       ||     2
       Recall Ancestor   |       |       |     1 |       ||     1
       Ancestor Life: He |       |       |     1 |       ||     1
  Use: Scroll            |       |    11 |       |     6 ||    17
       Potion            |       |       |       |     2 ||     2
 Stab: Sleeping          |     7 |     3 |       |       ||    10
       Confused          |       |       |     5 |     2 ||     7
       Distracted        |       |       |     4 |     1 ||     5
  Eat: Chunk             |     4 |     4 |    13 |     4 ||    25
Armor: Robe              |    13 |       |       |       ||    13
       Scale mail        |    14 |    33 |     7 |       ||    54
       Chain mail        |       |       |    55 |       ||    55
       Plate armour      |       |       |    66 |    88 ||   154
Dodge: Dodged            |    50 |    52 |   123 |    79 ||   304
